 Dungeon Crawl Stone Soup version 0.26-a0-1213-gd52f5182fe (webtiles) character file.

Game seed: 16366253425975196611

14165 sokol815 the Tainter (level 12, -3/105 HPs)
             Began as an Octopode Gladiator on Dec 30, 2020.
             Was an Initiate of Gozag.
             Slain by a six-headed hydra (9 damage)
             ... on level 2 of the Lair of Beasts.
             The game lasted 00:50:17 (13531 turns).

sokol815 the Tainter (Octopode Gladiator)          Turns: 13531, Time: 00:50:18

Health: -3/105     AC: 26    Str: 14    XL:     12   Next: 13%
Magic:  19/19      EV:  2    Int: 13    God:    Gozag
Gold:   489        SH:  0    Dex: 21    Spells: 14/21 levels left

rFire    + . .     SeeInvis +   r - +0 morningstar
rCold    + . .     Faith    .   (no shield)
rNeg     + + +     Spirit   .   (helmet currently unavailable)
rPois    +         Reflect  .   j - amulet of regeneration {+regen, !d}
rElec    .         Harm     .   h - +6 ring of dexterity
rCorr    .         Rampage  .   k - ring of stealth {Stlth+}
Will     +....     NoTele   +   B - ring of see invisible {sInv, !d}
Stlth    ++++++....             H - ring of stealth {Stlth+}
HPRegen  0.67/turn              S - ring "Wiuper" {rC+ EV+4}
MPRegen  0.16/turn              Y - ring "Leacseat" {rF+ Will+}
                                n - ring of flight {+Fly, !d}
                                (no ring)

@: tree-form (expiring)
A: almost no armour, stealthy swim, (amphibious), 8 rings, (constrict 8)
a: Renounce Religion, Potion Petition, Call Merchant, Bribe Branch


You were on level 2 of the Lair of Beasts.
You worshipped Gozag.
Gozag was aware of your devotion.
You were a tree.
You visited 3 branches of the dungeon, and saw 14 of its levels.
You also visited: Ossuary and Gauntlet.

You collected 2851 gold pieces.
You spent 550 gold pieces at shops.
You paid 1812 gold pieces to Gozag.

Inventory:

Hand Weapons
 a - a +0 scimitar
   (You took it off Blork the orc on level 5 of the Dungeon)
 b - a +0 rapier
 c - a +2 flail of holy wrath
   (You took it off an orc on level 4 of the Dungeon)
 r - a +0 morningstar (weapon)
   (You took it off an orc on level 3 of the Dungeon)
 E - a +2 mace of protection
   (You took it off an orc on level 11 of the Dungeon)
Missiles
 d - 4 boomerangs
 i - 460 stones
 p - 32 poisoned darts
 s - 12 javelins (quivered) {=f}
 v - 3 throwing nets {=f, !d}
 y - 6 curare-tipped darts
Armour
 w - a +2 hat (melded)
Jewellery
 h - a +6 ring of dexterity (left branch)
   (You found it on level 1 of the Dungeon)
 j - an amulet of regeneration (around neck) {+regen, !d}
   (You found it on level 1 of the Dungeon)
 k - a ring of stealth (right branch) {Stlth+}
   (You found it on level 2 of the Dungeon)
 n - a ring of flight (on tentacle) {+Fly, !d}
   (You found it in a Gauntlet)
 B - a ring of see invisible (on tentacle) {sInv, !d}
   (You found it on level 5 of the Dungeon)
 H - a ring of stealth (on tentacle) {Stlth+}
   (You found it on level 6 of the Dungeon)
 L - an uncursed amulet of the acrobat {unknown}
   (You found it on level 7 of the Dungeon)
 N - an uncursed amulet of reflection {unknown}
   (You found it on level 8 of the Dungeon)
 S - the ring "Wiuper" (on tentacle) {rC+ EV+4}
   (You bought it in a shop on level 7 of the Dungeon)

   [ring of evasion]

   It affects your evasion (+4).
   It protects you from cold.
 Y - the ring "Leacseat" (on tentacle) {rF+ Will+}
   (You found it in a Gauntlet)

   [ring of protection from fire]

   It protects you from fire.
   It affects your willpower, your defense against some magical effects.
Wands
 I - a wand of digging (1)
   (You took it off Maggie on level 7 of the Dungeon)
 J - a wand of iceblast (16)
   (You found it on level 7 of the Dungeon)
 P - a wand of flame (40)
   (You found it on level 8 of the Dungeon)
 U - a wand of polymorph (3)
   (You found it on level 8 of the Dungeon)
Scrolls
 e - 3 scrolls of enchant weapon
 f - 7 scrolls of remove curse
 g - 3 scrolls of enchant armour
 m - 2 scrolls of amnesia
 z - 3 scrolls of vulnerability {!r!r}
 F - a scroll of holy word {!r}
 M - a scroll of fear
 R - a scroll of teleportation
 V - a scroll of magic mapping {!r}
 W - 2 scrolls of fog
Potions
 l - 2 potions of mutation {!q}
 o - 2 potions of resistance
 q - 10 potions of curing
 t - 3 potions of lignification {!q}
 u - a potion of invisibility
 x - 5 potions of flight
 A - 5 potions of brilliance
 C - a potion of haste
 D - a potion of ambrosia
 O - a potion of might
 Q - a potion of heal wounds
 T - a potion of attraction {!q}
 X - a potion of berserk rage {!q}
Miscellaneous
 G - a tin of tremorstones (inert)
   (You found it on level 11 of the Dungeon)
 Z - a condenser vane
   (You found it in a Gauntlet)


   Skills:
 - Level 2.0 Fighting
 - Level 8.2(9.0) Short Blades
 + Level 5.8(7.9) Long Blades
 - Level 2.0 Throwing
 - Level 5.0 Dodging
 - Level 8.0 Stealth
 - Level 5.0 Spellcasting
 - Level 6.0 Conjurations
 + Level 5.7 Transmutations
 - Level 6.0 Air Magic
 + Level 6.1 Earth Magic
 - Level 9.0 Poison Magic


You had 14 spell levels left.
You knew the following spells:

 Your Spells              Type           Power        Failure   Level
c - Petrify               Tmut/Erth      18%          17%         4
x - Mephitic Cloud        Conj/Pois/Air  21%          3%          3

Your spell library contained the following spells:

 Spells                   Type           Power        Failure   Level
 Magic Dart               Conj           72%          1%          1
 Conjure Flame            Conj/Fire      11%          16%         3
 Blink                    Tloc           N/A          28%         2
 Call Imp                 Summ           3%           28%         2
 Slow                     Hex            3%           28%         2
 Lee's Rapid Deconstruct  Erth           9%           38%         5
 Confusing Touch          Hex            3%           50%         3
 Gell's Gravitas          Tloc           1%           50%         3
 Eringya's Noxious Bog    Tmut/Pois      11%          80%         6
 Yara's Violent Unravell  Hex/Tmut       5%           85%         5
 Metabolic Englaciation   Hex/Ice        1%           99%         5
 Dragon Form              Tmut           9%           100%        7


Dungeon Overview and Level Annotations

Branches:
Dungeon (11/15)            Temple (1/1) D:4            Lair (2/6) D:8
    Orc (0/2) D:11        Ossuary (visited)         Gauntlet (visited)
  Swamp: Lair:2-4    Shoals: Lair:2-4     Snake: Lair:2-4    Spider: Lair:2-4

Altars:
Ashenzari
Cheibriados
Dithmenos
Elyvilon
Fedhas
Gozag
Hepliaklqana
Kikubaaqudgha
Makhleb
Nemelex Xobeh
Okawaru
Qazlal
Ru
Sif Muna
Trog
Uskayaw
Vehumet
Wu Jian
Xom
Yredelemnul
Zin
The Shining One

Shops:
D:7 =   D:8 [   D:11 *

Annotations:
D:3 Grinder
D:6 2 runed translucent doors, sahdkjhfkaj's ghost, novice DEIE
Lair:2 exclusions: hydra, komodo dragon and water moccasin


Innate Abilities, Weirdness & Mutations

You cannot wear most types of armour.
You are very stealthy in the water. (Stealth+)
((You are amphibious.))
You can wear up to eight rings at the same time.
((You can use your tentacles to constrict eight enemies at once.))
((Your skin changes colour to match your surroundings (Stealth+).))
((Your rubbery body absorbs attacks. (AC +1, EV +1)))


Message History

The komodo dragon appears confused.
You hit the komodo dragon. The komodo dragon barely misses you.
You barely miss the komodo dragon. You squeeze the komodo dragon.
The komodo dragon bites you.
You take 2 damage, and have 68/70 hp.
You hit the komodo dragon. The komodo dragon barely misses you.
You catch the helpless komodo dragon completely off-guard!
You slash the komodo dragon! You squeeze the komodo dragon!
The komodo dragon seems less confused.
The komodo dragon closely misses you.
You riposte.
You closely miss the komodo dragon. You squeeze the komodo dragon.
You slash the komodo dragon!
You kill the komodo dragon!
Health restored: 70 You now have 489 gold pieces (gained 16).
MP restored: 19
Okay, then.
Okay, then.
Okay, then.
The six-headed hydra roars!
Aim: a six-headed hydra The mass of ice explodes!
The iceblast engulfs the six-headed hydra!
Aim: a six-headed hydra (lightly wounded)
The mass of ice explodes!
The iceblast engulfs the six-headed hydra!
Aim: a six-headed hydra (moderately wounded)
The mass of ice explodes!
The iceblast engulfs the six-headed hydra!
Really quaff
t - 4 potions of lignification {!q}?
Really quaff the potion of lignification?
You turn into a tree.
Your +2 hat melds into your body.
Your roots penetrate the ground.
You now have 105/105 hp.
r - a +0 morningstar (weapon)
The six-headed hydra bites you but does no damage. x6
You puncture the six-headed hydra!
The six-headed hydra bites you but does no damage.
The six-headed hydra bites you.
The six-headed hydra bites you but does no damage. x3
The six-headed hydra barely misses you.
You take 5 damage, and have 100/105 hp.
You barely miss the six-headed hydra.
The six-headed hydra bites you but does no damage. x5
The six-headed hydra bites you.
The six-headed hydra bites you but does no damage. x6
You take 3 damage, and have 97/105 hp.
You sock the six-headed hydra! The six-headed hydra bites you.
The six-headed hydra bites you but does no damage.
The six-headed hydra bites you! The six-headed hydra barely misses you.
The six-headed hydra bites you but does no damage.
The six-headed hydra bites you!
You take 21 damage, and have 76/105 hp.
You barely miss the six-headed hydra. The six-headed hydra bites you.
The six-headed hydra bites you but does no damage. x2
The six-headed hydra bites you! The six-headed hydra bites you. x2
The six-headed hydra bites you but does no damage. x2
The six-headed hydra bites you. x2
The six-headed hydra bites you but does no damage.
The six-headed hydra bites you.
You take 34 damage, and have 42/105 hp.
MASSIVE DAMAGE!!
You barely miss the six-headed hydra.
The six-headed hydra bites you but does no damage. x6
You puncture the six-headed hydra!
The six-headed hydra bites you but does no damage. x2
The six-headed hydra bites you.
The six-headed hydra bites you but does no damage. x7
The six-headed hydra bites you!
The six-headed hydra bites you but does no damage.
You take 10 damage, and have 33/105 hp.
You puncture the six-headed hydra! The six-headed hydra bites you!
* * * LOW HITPOINT WARNING * * *
The six-headed hydra bites you but does no damage. x2
The six-headed hydra bites you.
* * * LOW HITPOINT WARNING * * *
The six-headed hydra bites you but does no damage.
The six-headed hydra bites you.
* * * LOW HITPOINT WARNING * * *
You take 15 damage, and have 18/105 hp.
You puncture the six-headed hydra!
Your transformation is almost over.
The six-headed hydra bites you but does no damage. x4
The six-headed hydra bites you.
* * * LOW HITPOINT WARNING * * *
The six-headed hydra bites you but does no damage. x7
You take 5 damage, and have 13/105 hp.
You barely miss the six-headed hydra.
The six-headed hydra bites you but does no damage. x2
The six-headed hydra completely misses you.
The six-headed hydra barely misses you.
The six-headed hydra bites you but does no damage. x2
You hit the six-headed hydra. The six-headed hydra bites you!
* * * LOW HITPOINT WARNING * * *
The six-headed hydra bites you but does no damage. x4
The six-headed hydra completely misses you.
The six-headed hydra bites you.
* * * LOW HITPOINT WARNING * * *
The six-headed hydra bites you!
You die...
Your body crumbles into a pile of gold.

#.##......................Y....
######...................Y.....
#....................#....
#.........................
#P........................
##P.......................
#####....................
###..D...........#..P#
##....♣...............#
#.....................
##....................
#P..........##.......
#..........## ......
###..........# #....
###............# P.
#..........<..##
##........#....#


You could see a six-headed hydra.

Vanquished Creatures
  A minotaur (Gauntlet)
  A hydra (Lair:2)
  A black mamba (Lair:2)
  2 cane toads (Lair:1)
  Joseph (D:7)
  A gargoyle (D:11)
  A rime drake (Lair:1)
  Maggie (D:7)
  2 komodo dragons
  A troll (D:11)
  A polar bear (Lair:1)
  4 blink frogs
  3 hornets
  A wraith (D:10)
  13 yaks
  A wyvern (D:11)
  2 shadows (Gauntlet)
  2 basilisks (D:11)
  Menkaure (D:5)
  5 water moccasins
  2 ice beasts
  5 sky beasts
  5 orc warriors
  2 phantoms
  3 ogres
  3 wolves (Lair:1)
  A black bear (D:6)
  A necrophage (D:11)
  6 centaurs
  A big kobold (D:10)
  Blork the orc (D:5)
  6 bullfrogs
  A scorpion (D:7)
  7 killer bees (D:9)
  A howler monkey (D:5)
  2 vampire bats (D:4)
  A centaur zombie (D:7)
  A quasit (D:9)
  A hound (D:3)
  3 jellies
  A bullfrog skeleton (D:4)
  3 orc priests
  3 centaur skeletons
  2 iguanas
  12 worker ants
  9 orc wizards
  A killer bee zombie (D:5)
  8 mummies (Ossuary)
  3 gnolls (D:3)
  11 adders
  3 shadow imps
  2 white imps
  An ooze (D:3)
  4 adder skeletons
  An adder zombie (D:5)
  3 worms
  4 leopard geckos
  36 orcs
  2 bat skeletons (D:4)
  4 bat zombies (D:4)
  5 giant cockroaches
  8 goblins
  6 hobgoblins
  6 quokkas
  2 ball pythons
  6 bats
  9 frilled lizards
  2 hobgoblin zombies (Ossuary)
  17 kobolds
  3 kobold zombies (Ossuary)
  A leopard gecko skeleton (D:5)
  3 orc zombies (Ossuary)
  A quokka skeleton (D:4)
  A quokka zombie (D:7)
  6 rats
287 creatures vanquished.

Vanquished Creatures (others)
  11 fungi
  4 plants
15 creatures vanquished.

Grand Total: 302 creatures vanquished

Notes
Turn   | Place    | Note
-------+----------+-------------------------------------------
     0 | D:1      | sokol815 the Octopode Gladiator began the quest for the
                  | Orb.
     0 | D:1      | Reached XP level 1. HP: 14/14 MP: 1/1
   136 | D:1      | Reached skill level 1 in Stealth
   328 | D:1      | Reached XP level 2. HP: 19/19 MP: 2/2
   339 | D:1      | Reached skill level 2 in Stealth
   687 | D:2      | Noticed a -1 dagger
   688 | D:2      | Found a hide-covered altar of Uskayaw.
   688 | D:2      | Noticed a +0 hand axe
   763 | D:2      | Reached XP level 3. HP: 24/24 MP: 3/3
   914 | D:2      | Reached skill level 3 in Stealth
   922 | D:2      | Reached XP level 4. HP: 29/29 MP: 4/4
   998 | D:2      | Learned a level 3 spell: Mephitic Cloud
  1058 | D:2      | Reached skill level 4 in Stealth
  1683 | D:3      | Reached XP level 5. HP: 26/34 MP: 5/5
  1690 | D:3      | Identified the Disquisition on Ashen Transformation
  1798 | D:3      | HP: 7/34 [gnoll (4)]
  1936 | D:3      | Reached skill level 1 in Air Magic
  1939 | D:3      | Reached skill level 1 in Poison Magic
  1996 | D:3      | Noticed Grinder
  2019 | D:3      | Reached skill level 1 in Conjurations
  2106 | D:3      | Reached skill level 5 in Stealth
  2259 | D:3      | Found a sacrificial altar of Ru.
  2387 | D:3      | Found a basalt altar of Yredelemnul.
  2492 | D:3      | Found a broken altar of Ashenzari.
  2494 | D:3      | Found a hazy altar of Hepliaklqana.
  2547 | D:4      | Reached XP level 6. HP: 39/39 MP: 6/6
  2598 | D:4      | Found a staircase to the Ecumenical Temple.
  2607 | Temple   | Entered the Ecumenical Temple
  2657 | Temple   | Became a worshipper of Gozag Ym Sagoz the Greedy
  2923 | D:4      | Reached skill level 4 in Short Blades
  2949 | D:4      | Found an iron altar of Okawaru.
  2962 | D:4      | Reached skill level 4 in Dodging
  3120 | D:4      | Found an ancient bone altar of Kikubaaqudgha.
  3127 | D:4      | Reached skill level 2 in Poison Magic
  3131 | D:4      | Reached XP level 7. HP: 42/45 MP: 7/7
  3180 | D:4      | Reached skill level 6 in Stealth
  3180 | D:4      | Reached skill level 2 in Air Magic
  3270 | D:4      | Reached skill level 2 in Conjurations
  3530 | D:5      | Entered Level 5 of the Dungeon
  3530 | D:5      | Noticed Menkaure
  3534 | D:5      | Killed Menkaure
  3619 | D:5      | Noticed Blork the orc
  3626 | D:5      | Killed Blork the orc
  3670 | D:5      | Reached skill level 3 in Poison Magic
  3677 | D:5      | Reached skill level 7 in Stealth
  3738 | D:5      | Reached XP level 8. HP: 50/50 MP: 8/8
  3828 | D:5      | Found a sacrificial altar of Ru.
  3855 | D:5      | Found a stormy altar of Qazlal.
  4115 | D:5      | Reached skill level 3 in Air Magic
  4258 | D:6      | Found a large runed translucent door.
  4259 | D:6      | Found a large runed translucent door.
  4261 | D:6      | Noticed sahdkjhfkaj's ghost (novice DEIE)
  4281 | D:6      | Reached skill level 3 in Conjurations
  4813 | D:6      | Found a bloodstained altar of Trog.
  4944 | D:7      | Reached skill level 5 in Short Blades
  4944 | D:7      | Reached skill level 8 in Stealth
  4944 | D:7      | Noticed Joseph
  4959 | D:7      | HP: 12/50 [Joseph/+0 quarterstaff (7)]
  4960 | D:7      | Noticed Maggie
  4970 | D:7      | HP: 7/50 [Joseph/+0 quarterstaff (11)]
  4974 | D:7      | Killed Joseph
  4975 | D:7      | Reached skill level 5 in Dodging
  4975 | D:7      | Reached skill level 4 in Air Magic
  4975 | D:7      | Reached skill level 4 in Poison Magic
  4975 | D:7      | HP: 9/50 [Maggie/+2 halberd of flaming (9)]
  5014 | D:7      | Reached XP level 9. HP: 18/54 MP: 9/9
  5142 | D:7      | Killed Maggie
  5143 | D:7      | Reached skill level 4 in Conjurations
  5143 | D:7      | Reached skill level 5 in Poison Magic
  6010 | D:8      | Got a sparkling garnet amulet
  6076 | D:8      | Found a sand-covered staircase.
  6085 | Ossuary  | Entered an ossuary
  6114 | Ossuary  | Reached skill level 6 in Short Blades
  6169 | Ossuary  | Reached skill level 5 in Air Magic
  6363 | Ossuary  | Identified the amulet "Idduuhi" {Spirit +Fly rF++ rC-
                  | Will-} (You found it on level 8 of the Dungeon)
  6413 | D:8      | HP: 3/54 [orc warrior/+0 glaive (13)]
  6503 | D:7      | Bought the ring "Wiuper" {rC+ EV+4} for 550 gold pieces
  6854 | D:8      | Reached skill level 5 in Conjurations
  6854 | D:8      | Reached skill level 6 in Poison Magic
  7288 | D:8      | Found a staircase to the Lair.
  7595 | D:9      | Reached skill level 7 in Short Blades
  7595 | D:9      | Reached skill level 7 in Poison Magic
  7694 | D:9      | Reached skill level 1 in Spellcasting
  7700 | D:9      | Reached skill level 2 in Spellcasting
  7700 | D:9      | Reached XP level 10. HP: 60/60 MP: 7/13
  7823 | D:9      | Reached skill level 3 in Spellcasting
  8214 | D:9      | Found a white marble altar of Elyvilon.
  8214 | D:9      | Found a radiant altar of Vehumet.
  8379 | D:9      | Found a shadowy altar of Dithmenos.
  8520 | D:9      | Reached skill level 4 in Spellcasting
  8606 | D:10     | Entered Level 10 of the Dungeon
  8727 | D:10     | Reached skill level 8 in Short Blades
  9263 | D:10     | Reached skill level 5 in Spellcasting
  9296 | D:10     | Learned a level 4 spell: Petrify
  9355 | Lair:1   | Entered Level 1 of the Lair of Beasts
  9407 | Lair:1   | Noticed a cane toad
  9692 | D:11     | Reached skill level 1 in Long Blades
  9692 | D:11     | Reached skill level 1 in Transmutations
  9692 | D:11     | Reached skill level 1 in Earth Magic
  9707 | D:11     | Found a gate leading to a gauntlet.
  9750 | Gauntlet | Entered a Gauntlet
  9750 | Gauntlet | Found a transporter.
  9772 | Gauntlet | Found a transporter.
  9782 | Gauntlet | Found a transporter.
  9785 | Gauntlet | Noticed a death yak
  9786 | Gauntlet | Found a runed translucent door.
  9787 | Gauntlet | Noticed a death yak
  9787 | Gauntlet | Noticed a death yak
  9788 | Gauntlet | Found a runed translucent door.
  9788 | Gauntlet | Noticed a necromancer
  9790 | Gauntlet | Found a transporter.
  9816 | Gauntlet | Found a transporter.
  9826 | Gauntlet | Found a transporter.
  9835 | Gauntlet | Noticed an apocalypse crab
  9836 | Gauntlet | Found a transporter.
  9839 | Gauntlet | Noticed an orange crystal statue
  9860 | Gauntlet | Found a transporter.
  9875 | Gauntlet | Found a transporter.
  9875 | Gauntlet | Found a transporter.
  9882 | Gauntlet | Found a transporter.
  9922 | Gauntlet | Found a transporter.
  9933 | Gauntlet | Noticed an apocalypse crab
  9943 | Gauntlet | Found a transporter.
  9949 | Gauntlet | Found a transporter.
 10152 | Gauntlet | Got a faintly glowing pewter ring
 10159 | Gauntlet | Reached XP level 11. HP: 64/64 MP: 18/18
 10178 | Gauntlet | Identified the ring "Leacseat" {rF+ Will+} (You found it in
                  | a Gauntlet)
 10207 | Gauntlet | Noticed a minotaur
 10215 | Gauntlet | Killed a minotaur
 10216 | Gauntlet | Reached skill level 2 in Long Blades
 10216 | Gauntlet | Reached skill level 6 in Conjurations
 10216 | Gauntlet | Reached skill level 2 in Transmutations
 10216 | Gauntlet | Reached skill level 6 in Air Magic
 10216 | Gauntlet | Reached skill level 3 in Earth Magic
 10216 | Gauntlet | Reached skill level 8 in Poison Magic
 10395 | D:11     | Found Semmumn's Pet Rocks.
 10420 | D:11     | Reached skill level 3 in Long Blades
 10424 | D:11     | Reached skill level 3 in Transmutations
 10705 | D:11     | Found a staircase to the Orcish Mines.
 10714 | D:11     | Reached skill level 4 in Earth Magic
 11900 | Lair:1   | Reached skill level 4 in Long Blades
 11900 | Lair:1   | Reached skill level 4 in Transmutations
 12205 | Lair:1   | Reached skill level 5 in Earth Magic
 12459 | Lair:1   | HP: 15/64 [rime drake (5)]
 12461 | Lair:1   | HP: 5/64 [rime drake/flash freeze (12)]
 12468 | Lair:1   | Reached skill level 5 in Long Blades
 12468 | Lair:1   | Reached skill level 5 in Transmutations
 12644 | Lair:2   | Noticed a six-headed hydra
 12916 | Lair:2   | Reached XP level 12. HP: 59/70 MP: 19/19
 13310 | Lair:2   | Noticed a five-headed hydra
 13328 | Lair:2   | HP: 19/105 [five-headed hydra (9)]
 13328 | Lair:2   | HP: 9/105 [five-headed hydra (8)]
 13328 | Lair:2   | HP: 2/105 [five-headed hydra (7)]
 13331 | Lair:2   | Killed a five-headed hydra
 13332 | Lair:2   | Reached skill level 6 in Earth Magic
 13332 | Lair:2   | Reached skill level 9 in Poison Magic
 13336 | Lair:2   | HP: 35/157 [six-headed hydra (8)]
 13339 | Lair:2   | HP: 4/70 [yak (10)]
 13528 | Lair:2   | HP: 24/105 [six-headed hydra (10)]
 13531 | Lair:2   | HP: 8/105 [six-headed hydra (7)]
 13531 | Lair:2   | Slain by a six-headed hydra

Illustrated notes

Levels and vault maps discovered:
D:1:      sevenhm_arrival_forest_fort_small_4, layout_loops_ring,
          minmay_pentomino_o4
D:2:      layout_basic, dancing_weapons_uskayaw, dk_noncrumbling_4,
          minmay_misc_feat_five
D:3:      layout_loops_cross, general_overflow_altar,
          nicolae_overflow_hidden_temple, lemuel_doored_altar, st_stairs_4,
          minmay_checkerbox, uniq_grinder
D:4:      layout_basic, okawaru_trees_1, kennysheep_vampire_church,
          minmay_temple_entry_ruins, minmay_misc_feat_x
D:5:      layout_rooms, grunt_qazlal_clouds, serial_aquarium,
          aquarium_bridge_straight [aquarium_subvault_bridge,
          aquarium_subvault_window, aquarium_subvault_bridge,
          aquarium_subvault_wall], aquarium_window_corner,
          aquarium_window_corridor_2, aquarium_window_1, aquarium_view_2d,
          aquarium_view_2d, lemuel_altar_in_water, uniq_blork_the_orc,
          uniq_menkaure
D:6:      layout_loops_ring, lightli_temple_of_fire, serial_glass,
          glass_columns_a, glass_columns_a, ebering_ghost_disaster_area
D:7:      layout_basic, uniq_joseph, uniq_maggie
D:8:      layout_basic, lair_entry_dummy, nicolae_ossuary_entry_ruins
D:9:      layout_cave_pods, grunt_dithmenos_shadows,
          gammafunk_temple_overflow_elements, eino_jars
D:10:     layout_long_grid
D:11:     layout_long_grid, orc_0_dummy, gauntlet_entry_generic,
          guppyfry_shop_earth
Temple:   cyrus_temple_forest
Lair:1:   layout_long_grid
Lair:2:   layout_hall_layers

Skill      XL: |  1  2  3  4  5  6  7  8  9 10 11 12 |
---------------+-------------------------------------+-----
Stealth        | 1 2 3 4 5 7 8 |  8.0
Air Magic      | 1 2 4 5 6 |  6.0
Poison Magic   | 1 2 3 4 7 8 9 |  9.0
Conjurations   | 1 2 3 5 6 |  6.0
Short Blades   | 4 5 7 8 |  8.2
Dodging        | 4 5 |  5.0
Spellcasting   | 2 5 |  5.0
Long Blades    | 1 5 |  5.8
Transmutations | 1 5 |  5.7
Earth Magic    | 1 5 6 |  6.1
Fighting       | |  2.0
Throwing       | |  2.0

Action                   |  1- 3 |  4- 6 |  7- 9 | 10-12 || total
-------------------------+-------+-------+-------+-------++-------
Melee: Rapier            |    36 |   129 |   218 |   126 ||   509
       Tentacles         |    10 |    30 |    70 |   101 ||   211
       Constrict         |     8 |    31 |    48 |    47 ||   134
       Flail             |       |       |    19 |    14 ||    33
       Scimitar          |       |       |       |   160 ||   160
       Mace              |       |       |       |    10 ||    10
       Morningstar       |       |       |       |    10 ||    10
 Cast: Mephitic Cloud    |       |       |     3 |    24 ||    27
       Petrify           |       |       |       |     1 ||     1
Invok: Call Merchant     |       |       |     1 |     1 ||     2
       Potion Petition   |       |       |       |     1 ||     1
Evoke: Wand              |       |       |     4 |     7 ||    11
       Tin of tremorston |       |       |       |     2 ||     2
  Use: Scroll            |       |     7 |    13 |    13 ||    33
       Potion            |       |       |     3 |     7 ||    10
 Stab: Sleeping          |     4 |    25 |    30 |    29 ||    88
       Distracted        |       |     2 |     4 |     2 ||     8
       Confused          |       |       |     6 |    21 ||    27
       Paralysed         |       |       |     1 |       ||     1
       Invisible         |       |       |       |     3 ||     3
Armor: Skin              |     3 |     3 |     8 |   161 ||   175
Dodge: Dodged            |    35 |    89 |   127 |   279 ||   530
       Rpst.: Scimitar   |       |       |       |    53 ||    53

Table legend: (Time is in decaauts)
 A = Elapsed time spent in this place.
 B = Non-inter-level travel time spent in this place.
 C = Inter-level travel time spent in this place.
 D = Time resting spent in this place.
 E = Time spent auto-exploring this place.
 F = Levels seen in this place.
 G = Mean time per level.
                   A        B        C        D        E       F      G
               +--------+--------+--------+--------+--------+-----+--------+
         Total |  13511 |  12418 |   1093 |    982 |   8299 |  16 |  844.4 |
       Dungeon |  10156 |   9341 |    815 |    497 |   6661 |  11 |  923.3 |
        Temple |    103 |     80 |     23 |      0 |     47 |   1 |  103.0 |
          Lair |   2473 |   2218 |    255 |    428 |   1215 |   2 | 1236.5 |
       Ossuary |    286 |    286 |      0 |     10 |    144 |   1 |  286.0 |
      Gauntlet |    491 |    491 |      0 |     47 |    232 |   1 |  491.0 |
               +--------+--------+--------+--------+--------+-----+--------+

Top non-repeatable levels by time:
  Lair:1: 1556 daAuts
     D:8: 1450 daAuts
     D:9: 1112 daAuts
     D:2: 1001 daAuts
     D:7: 982 daAuts
    D:11: 954 daAuts
     D:4: 932 daAuts
  Lair:2: 917 daAuts
     D:3: 834 daAuts
     D:6: 827 daAuts
    D:10: 781 daAuts
     D:1: 687 daAuts
     D:5: 593 daAuts
Gauntlet: 491 daAuts
 Ossuary: 286 daAuts

Table legend:
 A = Kills in this place as a percentage of kills in entire the game.
 B = Kills by you in this place as a percentage of kills by you in the entire game.
 C = Kills by friends in this place as a percentage of kills by friends in the entire game.
 D = Other kills in this place as a percentage of other kills in the entire game.
 E = Experience gained in this place as a percentage of experience gained in the entire game.
 F = Experience gained in this place divided by the number of levels of this place that you have seen.
                   A       B       C       D       E      F
               +-------+-------+-------+-------+-------+----------------------
         Total | 100.0 | 100.0 |   N/A | 100.0 | 100.0 | 1264.8
       Dungeon |  81.9 |  82.6 |   N/A |  50.0 |  48.9 | 899.4
          Lair |  10.8 |  10.3 |   N/A |  33.3 |  38.9 | 3936.0
       Ossuary |   5.6 |   5.7 |   N/A |   0.0 |   0.7 | 151.0
      Gauntlet |   1.7 |   1.4 |   N/A |  16.7 |  11.5 | 2320.0
               +-------+-------+-------+-------+-------+----------------------
